 Dungeon Crawl Stone Soup version 0.19-a0-1682-g5114f93 (webtiles) character file.

20363 MistressOfTheDunes the Martial Artist (level 12, -2/95 HPs)
             Began as a Mummy Monk on Sept 24, 2016.
             Slain by a sixfirhy (12 damage)
             ... on level 3 of the Abyss.
             The game lasted 00:51:14 (29421 turns).

MistressOfTheDunes the Martial Artist (Mummy Monk) Turns: 29421, Time: 00:51:15

Health: -2/95      AC: 15    Str: 18    XL:     12   Next: 44%
Magic:  12/12      EV: 22    Int: 17    God:
Gold:   876        SH:  8    Dex: 19    Spells: 0 memorised, 11 levels left

rFire  x . .     SeeInvis .       - Unarmed
rCold  . . .     Gourm    .     (no armour)
rNeg   + + +     Faith    .     i - +2 buckler
rPois  ∞         Spirit   .     y - +2 hat {MR+}
rElec  .         Dismiss  .     r - +1 cloak of the Eight Boll Weevils {rC- Str+4 Int+7}
rCorr  .         Reflect  .     d - +1 pair of gloves
MR     ++...     Harm     .     g - +2 pair of boots
Stlth  +++.......               (no amulet)
                                o - +2 ring of evasion
                                p - +5 ring of protection

@: about to teleport
A: no food or potions, fire vulnerability, cold resistance 1, negative energy
resistance 3, torment resistance, unbreathing
a: no special abilities


You were on level 3 of the Abyss.
You were not hungry.

You visited 3 branches of the dungeon, and saw 17 of its levels.
You visited the Abyss 1 time.
You also visited: Sewer and Ossuary.

You collected 876 gold pieces.


Innate Abilities, Weirdness & Mutations

You do not eat or drink.
Your flesh is vulnerable to fire.
You are immune to poison.
Your flesh is cold resistant. (rC+)
You are immune to negative energy. (rN+++)
You are immune to unholy pain and torment.
You can survive without breathing.


   Skills:
 + Level 9.2 Fighting
 - Level 10.0 Dodging
 - Level 6.0 Stealth
 - Level 4.2 Shields
 - Level 11.1 Unarmed Combat


You had 11 spell levels left.
You didn't know any spells.

Inventory:

Armour
 d - a +1 pair of gloves (worn)
 g - a +2 pair of boots (worn)
 i - a +2 buckler (worn)
 k - a +0 cloak
 r - the +1 cloak of the Eight Boll Weevils (worn) {rC- Str+4 Int+7}

   It affects your strength (+4).
   It affects your intelligence (+7).
   It makes you vulnerable to cold.
 y - a +2 hat of magic resistance (worn)
Jewellery
 l - an uncursed amulet of rage {unknown}
 o - a +2 ring of evasion (right hand)
 p - a +5 ring of protection (left hand)
 u - a +3 ring of slaying {HARAM}
 x - a +3 amulet of reflection {unknown}
Scrolls
 a - 6 scrolls of fog
 b - 3 scrolls of magic mapping
 c - 2 scrolls of noise {!r}
 e - 4 scrolls of recharging
 f - 7 scrolls of enchant weapon
 h - 6 scrolls of random uselessness
 j - 2 scrolls of blinking
 m - 3 scrolls of teleportation {@r4}
 n - 4 scrolls of holy word {!r}
 q - 2 scrolls of immolation {!r}
 s - 2 scrolls of torment
 t - a scroll of amnesia
 v - 3 scrolls of fear
 w - 5 scrolls of identify {@r1}
 z - a scroll of vulnerability {!r}
 A - 2 scrolls of silence {!r}
Comestibles
 B - 15 fruits (quivered)

Dungeon Overview and Level Annotations

Branches:
Dungeon (13/15)            Temple (0/1) D:5            Lair (3/6) D:8
 Shoals (0/4) Lair:2          Orc (1/2) D:9
  Snake: Lair:2-4    Spider: Lair:2-4    Vaults: D:13-14

Altars:
Cheibriados
Elyvilon
Gozag
Makhleb
Nemelex Xobeh
Okawaru
Sif Muna
Vehumet
Xom

Shops:
D:4 :

Annotations:
D:7 War
D:9 HORROR
D:10 exclusions: downstairs and upstairs
D:11 Ugly brown
D:12 exclusion: 2 downstairs
D:13 Azrael; Erolcha
Lair:1 6 legs, Ishikai's ghost, novice FoCK
Lair:2 Erica
Shoals:1 Grab flying boots and hope for snek

x.. ▒..▒▒..▒ ▒ . ..
.. ..▒...▒ ▒..▒. ...▒
▒ ▒▒▒ ▒...▒ . ▒▒..
...▒..▒▒.x ..▒▒▒▒▒
....
▒#.#▒....▒X▒.▒...
..L.▒
▒...▒...▒.▒.▒.▒.. ▒ .
▒.▒.▒.▒▒*▒.*▒ .▒..#▒
▒ ▒........▒▒..▒▒▒
....▒
▒▒...M3..▒▒...▒▒.. .
.
▒...▒..▒....▒..▒....▒
▒..▒▒▒▒..▒▒▒## ... ..
▒.. ▒.▒▒ ▒. . .▒. ▒..
▒.▒ .▒..▒▒.. .. ▒▒▒
▒▒▒. . . ▒ .▒


You could see a wretched star, a sixfirhy and a small abomination.


Message History

The wretched star is moderately damaged!
You pummel the wretched star like a punching bag!
The wretched star is moderately damaged!
The sixfirhy hits you!!! The sixfirhy shocks you!!!
You block the sixfirhy's attack! The sixfirhy completely misses you!
You barely miss the wretched star!
The wretched star is moderately damaged!
The sixfirhy completely misses you! The sixfirhy hits you!
The sixfirhy shocks you!!! * * * don't die
* * * The sixfirhy hits you!!! * * * don't die
* * * The sixfirhy shocks you!!! * * * don't die
* * * A starcursed mass splits!
The starcursed mass shrieks in your mind! * * * don't die
* * * The sixfirhy closely misses you!
The sixfirhy hits you but does no damage!
As you read the scroll of teleportation {@r4}, it crumbles to dust!
You feel strangely unstable!
You feel the power of the Abyss delaying your translocation!!!
The wretched star pulses with an eldritch light!!!
A starcursed mass splits!
The starcursed mass shrieks in your mind! * * * don't die
* * * The sixfirhy hits you! * * * don't die
* * * The sixfirhy shocks you!!! rip

Action                   |  1- 3 |  4- 6 |  7- 9 | 10-12 || total
-------------------------+-------+-------+-------+-------++-------
Melee: Unarmed           |   183 |   272 |   785 |  1474 ||  2714
       Punch             |     2 |     4 |     9 |       ||    15
  Use: Scroll            |       |     8 |     4 |    13 ||    25
 Stab: Sleeping          |     7 |     2 |     9 |     6 ||    24
       Distracted        |       |     2 |     3 |     5 ||    10
Armor: Skin              |    24 |   104 |    89 |   156 ||   373
Dodge: Dodged            |   120 |   212 |   484 |   857 ||  1673
Block: Buckler           |       |       |   139 |   406 ||   545

Vault maps used:
D:1:      saegor_arrival_simple_c
D:2:      uniq_natasha, uniq_terence
D:3:      marbit_many_paths, lemuel_coloured_pillars_altar,
          grunt_temple_overflow_cloverleaf, portal_sewer_entry_e, first_bread
D:4:      makhleb_heckhound_becter, serial_shops, shop
D:5:      kennysheep_generic_room_4
D:6:      elyvilon_altar_4, enter_ossuary_3, basic_altar
D:7:      columned_hall_lemuel, uniq_joseph
D:8:      lair_0_dummy
D:9:      david_orc_2, basic_altar, st_stairs_11, grunt_ogre_cave,
          minmay_orc_keep
D:13:     grunt_gozag_statues, uniq_snorg, uniq_azrael, uniq_rupert,
          uniq_erolcha
Lair:1:   serial_bayou_shore_b, uniq_nergalle
Lair:2:   minmay_shoals_entry_centaurs, basic_altar, infiniplex_staircase_pool,
          uniq_erica
Lair:3:   grunt_forest_large_clearings, serial_bayou_shore_a
Orc:1:    serial_shops, shop, minmay_orc_temple_c
Abyss:3:  nicolae_abyss_rune_star_stuff
Sewer:    sewer_big_baddie
Ossuary:  ossuary_the_hunt_dpeg

Notes
Turn   | Place    | Note
-------+----------+-------------------------------------------
     0 | D:1      | MistressOfTheDunes the Mummy Monk began the quest for the Orb.
     0 | D:1      | Reached XP level 1. HP: 18/18 MP: 1/1
   484 | D:1      | Reached XP level 2. HP: 10/24 MP: 2/2
   490 | D:1      | Reached skill level 3 in Unarmed Combat
   493 | D:1      | HP: 2/24 [rat (1)]
  1806 | D:2      | Reached XP level 3. HP: 14/29 MP: 3/3
  2821 | D:2      | Reached skill level 4 in Unarmed Combat
  2887 | D:2      | Reached XP level 4. HP: 28/35 MP: 4/4
  2972 | D:2      | Noticed Terence
  3647 | D:3      | Found a sparkling altar of Nemelex Xobeh.
  3650 | D:3      | Found a snail-covered altar of Cheibriados.
  3653 | D:3      | Found a deep blue altar of Sif Muna.
  3656 | D:3      | Found a shimmering altar of Xom.
  3738 | D:3      | Noticed Saways's ghost (amateur DDHu)
  3739 | D:3      | Found a glowing drain.
  4275 | Sewer    | Entered a sewer
  4324 | Sewer    | Noticed Purgy
  4865 | D:3      | Found a radiant altar of Vehumet.
  5083 | D:3      | Reached XP level 5. HP: 38/41 MP: 5/5
  5593 | D:3      | Found an opulent altar of Gozag.
  5762 | D:4      | Found Kafimodi's Book Shoppe.
  5774 | D:4      | Noticed UnlimitedFusion's ghost (amateur OpVM)
  5796 | D:4      | Killed UnlimitedFusion's ghost
  5796 | D:4      | Reached skill level 5 in Unarmed Combat
  5796 | D:4      | Reached XP level 6. HP: 47/47 MP: 6/6
  5821 | D:4      | Found a burning altar of Makhleb.
  5832 | D:4      | Reached skill level 6 in Unarmed Combat
  6192 | D:4      | Reached skill level 3 in Dodging
  6396 | D:3      | Reached XP level 7. HP: 43/52 MP: 7/7
  6545 | D:4      | Noticed Natasha
  6562 | D:4      | Killed Natasha
  6562 | D:4      | Reached skill level 4 in Dodging
  6579 | D:4      | Noticed Natasha
  6798 | D:4      | Killed Natasha
  6809 | D:4      | Noticed Natasha
  6951 | D:4      | Killed Natasha
  7968 | D:5      | Entered Level 5 of the Dungeon
  8158 | D:5      | Reached skill level 5 in Dodging
  8456 | D:5      | Reached XP level 8. HP: 53/58 MP: 8/8
  8823 | D:5      | Reached skill level 7 in Unarmed Combat
  8898 | D:5      | Found a staircase to the Ecumenical Temple.
  8984 | D:6      | Found a shimmering altar of Xom.
  9017 | D:6      | Found a sand-covered staircase.
  9077 | D:6      | Reached skill level 1 in Shields
  9210 | Ossuary  | Entered an ossuary
  9237 | Ossuary  | Reached skill level 2 in Shields
  9481 | Ossuary  | Reached skill level 3 in Shields
  9823 | D:6      | Found a white marble altar of Elyvilon.
 10080 | D:6      | Reached skill level 4 in Shields
 10471 | D:2      | Killed Purgy
 10471 | D:2      | Reached skill level 6 in Dodging
 10689 | D:1      | Killed Terence
 10689 | D:1      | Reached XP level 9. HP: 63/63 MP: 9/9
 10759 | D:3      | Found a snail-covered altar of Cheibriados.
 10759 | D:3      | Found a shimmering altar of Xom.
 10764 | D:3      | Found a sparkling altar of Nemelex Xobeh.
 10764 | D:3      | Found a deep blue altar of Sif Muna.
 10841 | D:3      | Killed Saways's ghost
 11218 | D:3      | Found an opulent altar of Gozag.
 11449 | D:3      | Found a radiant altar of Vehumet.
 11852 | D:7      | Identified a scroll of acquirement
 11888 | D:7      | Got a faintly glowing cloak
 11899 | D:7      | Identified the +1 cloak of the Eight Boll Weevils {rC- Str+4 Int+7} (You acquired it on level 7 of the Dungeon)
 11899 | D:7      | what a shitty cloak
 11925 | D:7      | Reached skill level 7 in Dodging
 13663 | D:8      | Reached skill level 8 in Unarmed Combat
 13885 | D:8      | Found a staircase to the Lair.
 14037 | D:8      | Reached skill level 8 in Dodging
 14663 | D:8      | Reached XP level 10. HP: 56/70 MP: 10/10
 15551 | D:9      | Found an iron altar of Okawaru.
 15796 | D:9      | Found a staircase to the Orcish Mines.
 15799 | D:9      | Noticed Joseph
 16233 | Lair:1   | Entered Level 1 of the Lair of Beasts
 16233 | Lair:1   | Noticed Ishikai's ghost (novice FoCK)
 16927 | D:7      | Reached skill level 9 in Unarmed Combat
 17593 | D:10     | Entered Level 10 of the Dungeon
 17789 | D:10     | Reached skill level 4 in Fighting
 18383 | D:10     | Reached skill level 5 in Fighting
 18628 | D:9      | Reached skill level 6 in Fighting
 19247 | D:9      | Killed Joseph
 19247 | D:9      | Reached skill level 7 in Fighting
 19533 | D:9      | Found an iron altar of Okawaru.
 19662 | D:9      | Found a staircase to the Orcish Mines.
 20117 | D:10     | Reached skill level 9 in Dodging
 20400 | D:11     | Reached XP level 11. HP: 74/84 MP: 11/11
 20565 | D:11     | Noticed a brown ugly thing
 21398 | D:12     | Noticed a deep elf mage
 21429 | D:12     | Killed a deep elf mage
 21677 | D:12     | Noticed a hill giant
 21942 | D:11     | Reached skill level 10 in Dodging
 22245 | D:11     | Killed a hill giant
 23232 | D:13     | Noticed Erolcha
 23326 | D:13     | Noticed Azrael
 23328 | D:13     | Noticed a four-headed hydra
 23479 | D:13     | Noticed a tengu warrior
 23722 | Orc:1    | Entered Level 1 of the Orcish Mines
 23722 | Orc:1    | Noticed an orc warlord
 23722 | Orc:1    | Noticed an orc sorcerer
 23726 | Orc:1    | Noticed an orc sorcerer
 23773 | D:8      | Reached skill level 10 in Unarmed Combat
 23961 | Lair:2   | Reached skill level 2 in Stealth
 24361 | Lair:2   | Reached skill level 3 in Stealth
 24577 | Lair:2   | Found a staircase to the Shoals.
 24641 | Lair:2   | Reached skill level 4 in Stealth
 24699 | Lair:2   | Found a shimmering altar of Xom.
 25015 | Lair:2   | Noticed Erica
 25114 | Lair:2   | Reached skill level 5 in Stealth
 25881 | Lair:1   | Reached skill level 6 in Stealth
 26064 | Lair:1   | Noticed Nergalle
 26096 | Lair:1   | Killed Nergalle
 26127 | Lair:1   | Noticed a six-headed hydra
 26315 | Lair:3   | Reached skill level 8 in Fighting
 26720 | Lair:3   | Reached XP level 12. HP: 65/92 MP: 12/12
 27446 | Lair:3   | Noticed a four-headed hydra
 27460 | Lair:3   | Killed a four-headed hydra
 27790 | Lair:3   | Reached skill level 11 in Unarmed Combat
 28956 | Lair:3   | Reached skill level 9 in Fighting
 29133 | Lair:1   | Cast into level 3 of the Abyss (Ishikai's ghost)
 29133 | Abyss:3  | Found a corrupted altar of Lugonu.
 29339 | Abyss:3  | Noticed a revenant
 29405 | Abyss:3  | Noticed a starcursed mass
 29421 | Abyss:3  | Slain by a sixfirhy

Vanquished Creatures
  A hydra (Lair:3)
  Nergalle (Lair:1)
  A hill giant (D:11)
  A deep elf mage (D:12)
  Joseph (D:9)
  2 black mambas (Lair:3)
  2 spiny frogs (Lair:3)
  A rime drake (Lair:2)
  5 komodo dragons
  A troll (D:10)
  A two-headed ogre (D:11)
  5 hippogriffs
  3 slime creatures
  4 blink frogs (Lair:3)
  The ghost of UnlimitedFusion the Sneak, an amateur OpVM (D:4)
  A basilisk (Lair:3)
  22 yaks
  2 hungry ghosts
  2 water moccasins
  A hell hound (D:12)
  3 porcupines (Lair:3)
  Purgy (D:2)
  4 black bears
  4 orc warriors
  An eye of draining (D:12)
  The ghost of Saways the Bolt Thrower, an amateur DDHu (D:3)
  An ice beast (D:11)
  6 wolves (Lair:3)
  A phantom (D:9)
  A necrophage (D:10)
  11 ogres
  2 sky beasts
  11 centaurs
  4 crocodiles
  9 bullfrogs
  A gnoll sergeant (D:10)
  2 wyvern skeletons
  3 scorpions
  7 wights (D:8)
  3 killer bees (D:8)
  An electric eel (Lair:3)
  4 howler monkeys
  2 crimson imps
  A bullfrog zombie (D:10)
  6 centaur zombies (Ossuary)
  2 centaur skeletons
  8 hounds
  A human zombie (D:6)
  7 orc priests
  3 jellies
  2 bullfrog skeletons
  6 iguanas
  Terence (D:1)
  Natasha (thrice) (D:4)
  14 orc wizards
  7 worker ants
  2 killer bee zombies
  2 big kobold zombies (Ossuary)
  2 hound zombies (D:5)
  5 mummies (Ossuary)
  3 worker ant zombies
  A howler monkey skeleton (D:8)
  8 gnolls
  12 adders
  28 river rats
  3 shadow imps
  2 adder skeletons
  3 worms
  6 dart slugs
  5 leopard geckos
  68 orcs
  3 giant cockroaches
  7 goblins
  6 hobgoblins
  11 jackals
  6 quokkas
  17 bats
  6 frilled lizards
  4 hobgoblin zombies (Ossuary)
  2 jackal skeletons
  A jackal zombie (D:5)
  11 kobolds
  A quokka skeleton (D:4)
  15 rats
  2 plants (Lair:2)
444 creatures vanquished.

Vanquished Creatures (others)
  A wight (D:9)
  An orc (D:9)
  5 fungi
  6 plants
13 creatures vanquished.

Grand Total: 457 creatures vanquished
